 Dungeon Crawl Stone Soup version 0.20.1-1-g8b1a95d (webtiles) character file.

187 Crelarid the Skirmisher (level 5, 0/48 HPs)
             Began as a Minotaur Abyssal Knight on Sept 26, 2017.
             Was a Believer of Lugonu.
             Succumbed to Patate's ghost's poison
             ... on level 3 of the Dungeon.
             The game lasted 00:17:29 (2575 turns).

Crelarid the Skirmisher (Minotaur Abyssal Knight)   Turns: 2575, Time: 00:17:29

Health: 0/48       AC:  5    Str: 14 (17) XL:     5   Next: 39%
Magic:  14/14      EV:  5    Int:  6 (9)  God:    Lugonu [**....]
Gold:   109        SH: 10    Dex:  9 (10) Spells: 4/4 levels left

rFire    + . .     SeeInvis .   m - +1 hand axe (venom)
rCold    + . .     Gourm    .   y - +0 large shield
rNeg     . . .     Faith    .   q - +0 ring mail (curse)
rPois    +         Spirit   .   (helmet restricted)
rElec    +         Reflect  .   (no cloak)
rCorr    +         Harm     .   (no gloves)
MR       .....                  (no boots)
Stlth    +.........             (no amulet)
Regen    0.2/turn               e - ring of magical power
MPRegen  0.2/turn               h - -3 ring of slaying (curse)

@: lethally poisoned (0 -> -9), resistant, hasted, drained, very quick
A: retaliatory headbutt, horns 2
a: Depart the Abyss, Bend Space, Renounce Religion


You were on level 3 of the Dungeon.
You worshipped Lugonu.
Lugonu was pleased with you.
You were not hungry.

You visited 1 branch of the dungeon, and saw 3 of its levels.
You visited the Abyss 1 time.

You collected 109 gold pieces.

Inventory:

Hand Weapons
 a - a +1 falchion
 d - a +0 short sword
 m - a +1 hand axe of venom (weapon)
 o - a +0 hunting sling
 r - a +0 falchion of holy wrath
 s - a +0 hunting sling
 v - a +2 quarterstaff of chaos
 w - a +0 mace of draining
 A - a +0 long sword
Missiles
 j - 42 sling bullets
Armour
 b - a +0 leather armour
 i - a +0 plate armour
 k - a +0 scale mail
 p - a +0 buckler
 q - a cursed +0 ring mail (worn)
 y - a +0 large shield (worn)
Jewellery
 e - a ring of magical power (left hand)
 h - a cursed -3 ring of slaying (right hand)
Scrolls
 f - a scroll of enchant weapon
 g - a scroll of teleportation
 l - a scroll of immolation
Potions
 x - a potion of mutation
 z - a potion of degeneration
Comestibles
 c - 3 bread rations
 t - 3 meat rations


   Skills:
 + Level 5.1(4.9) Fighting
 + Level 2.9(2.7) Long Blades
 + Level 2.6(2.3) Axes
 + Level 3.9(3.7) Armour
 + Level 1.4(1.2) Dodging
 + Level 0.6(0.4) Stealth
 + Level 2.1(1.9) Invocations


You had 4 spell levels left.
You didn't know any spells.

Dungeon Overview and Level Annotations

Branches:
Dungeon (3/15)

Altars:
Fedhas
Yredelemnul

Annotations:
D:3 Patate's ghost, amateur HOCK


Innate Abilities, Weirdness & Mutations

You reflexively headbutt those who attack you in melee.
You have a pair of horns on your head.


Message History

You feel sick.
* * * LOW HITPOINT WARNING * * *
You feel sick.
* * * LOW HITPOINT WARNING * * *
You feel sick.
Your surroundings suddenly seem different.
* * * LOW HITPOINT WARNING * * *
You feel sick.
There is a lethal amount of poison in your body!
There is a lethal amount of poison in your body!
Okay, then.
You feel protected.
There is a lethal amount of poison in your body!
There is a lethal amount of poison in your body!
There is a lethal amount of poison in your body!
* * * LOW HITPOINT WARNING * * *
You feel sick.
* * * LOW HITPOINT WARNING * * *
You feel sick.
You die...

### ..#
#.# #.#
###.#####
#..@....#
#.#.###.#
# #.#
.... #.#
.... #.#
.... #..
.... ###
.... ....


There were no monsters in sight!

Vanquished Creatures
  Crazy Yiuf (D:2)
  Jessica (D:2)
  Terence (D:2)
  Robin (D:2)
  4 adders
  An ooze (D:2)
  A leopard gecko (D:1)
  An orc (D:3)
  4 bats
  3 giant cockroaches (D:1)
  10 goblins
  11 hobgoblins
  2 jackals (D:3)
  7 kobolds
  A quokka (D:3)
  A frilled lizard (D:1)
  2 rats
52 creatures vanquished.

Notes
Turn   | Place    | Note
-------+----------+-------------------------------------------
     0 | Abyss:1  | Crelarid the Minotaur Abyssal Knight began the quest for the Orb.
     0 | Abyss:1  | Reached XP level 1. HP: 19/19 MP: 1/1
    62 | D:1      | Escaped the Abyss
   265 | D:1      | Reached skill level 4 in Fighting
   265 | D:1      | Reached XP level 2. HP: 27/27 MP: 2/2
  1340 | D:2      | Found a blossoming altar of Fedhas.
  1447 | D:2      | Noticed Jessica
  1452 | D:2      | Killed Jessica
  1452 | D:2      | Reached XP level 3. HP: 30/34 MP: 3/3
  1526 | D:2      | Noticed Terence
  1535 | D:2      | Killed Terence
  1535 | D:2      | Reached ** piety under Lugonu
  1535 | D:2      | Reached XP level 4. HP: 33/41 MP: 4/4
  1536 | D:2      | Noticed Robin
  1540 | D:2      | Reached skill level 5 in Fighting
  1549 | D:2      | Reached skill level 1 in Axes
  1550 | D:2      | Killed Robin
  1922 | D:2      | Found a runed door.
  1926 | D:2      | Noticed Crazy Yiuf
  1930 | D:2      | Killed Crazy Yiuf
  1930 | D:2      | Reached XP level 5. HP: 45/48 MP: 5/5
  2141 | D:3      | Found a basalt altar of Yredelemnul.
  2242 | D:3      | Noticed Patate's ghost (amateur HOCK)
  2572 | D:3      | HP: 2/48 [poisoned by Patate's ghost]
  2575 | D:3      | Succumbed to Patate's ghost's poison

Skill      XL: |  1  2  3  4 |
---------------+-------------+-----
Fighting       | 4 5 |  5.1
Invocations    | 2 |  2.1
Armour         | 3 |  3.9
Axes           | 2 |  2.6
Long Blades    | |  2.9
Dodging        | |  1.4
Stealth        | |  0.6

Action                   |  1- 3 |  4- 6 || total
-------------------------+-------+-------++-------
Melee: Falchion          |    13 |       ||    13
       Headbutt          |     7 |     7 ||    14
       Hand axe          |    23 |    60 ||    83
  Use: Scroll            |     2 |     4 ||     6
       Potion            |     2 |     2 ||     4
  Eat: Meat ration       |     1 |       ||     1
Armor: Plate armour      |    13 |       ||    13
       Leather armour    |     1 |       ||     1
       Ring mail         |    13 |    39 ||    52
Dodge: Dodged            |    19 |    47 ||    66
Block: Buckler           |     3 |     8 ||    11
       Large shield      |       |    21 ||    21
       Rpst.: Falchion   |     3 |       ||     3
